 Dungeon Crawl Stone Soup version 0.30-a0-415-g685d318daa (webtiles) character file.

Game seed: 3689255542742753373

984 Gennas the Covert (level 7, -19/32 HPs)
             Began as a Spriggan Enchanter on Dec 8, 2022.
             Demolished by an ogre
             ... wielding a +0 giant spiked club
              (30 damage)
             ... on level 5 of the Dungeon.
             The game lasted 00:13:05 (3602 turns).

Gennas the Covert (Spriggan Enchanter)              Turns: 3602, Time: 00:13:05

Health: -19/32     AC:  6    Str:  3    XL:     7   Next: 97%
Magic:  1/18       EV: 18    Int: 15    God:
Gold:   57         SH:  0    Dex: 22    Spells: 9/20 levels left

rFire   + . .      SeeInvis +    a - +2 dagger
rCold   + . .      Faith    .    (no shield)
rNeg    . . .      Spirit   .    q - +1 robe {rC+ rF+}
rPois   .          Reflect  .    (helmet restricted)
rElec   .          Harm     .    p - +2 cloak
rCorr   .          Rampage  .    (gloves unavailable)
Will    +....      Rnd*Tele +    (boots unavailable)
Stlth   ++++......               (no amulet)
HPRegen 0.25/turn                (no ring)
MPRegen 0.16/turn                (no ring)

@: very quick
A: very small, no large weapons, unfitting armour, see invisible, speed 3, agile
1, teleportitis 1
a: no special abilities


You were on level 5 of the Dungeon.
You visited 1 branch of the dungeon, and saw 5 of its levels.

You collected 209 gold pieces.
You spent 152 gold pieces at shops.

Inventory:

Hand Weapons
 a - a +2 dagger (weapon)
Armour
 p - a +2 cloak (worn)
 q - a +1 robe of resistance (worn)
Wands
 e - a wand of light (3)
 i - a wand of paralysis (8)
 r - a wand of flame (12)
Scrolls
 d - a scroll of immolation
 g - 2 scrolls of blinking
Potions
 b - a potion of berserk rage
 c - 2 potions of invisibility
 k - 4 potions of curing
 l - a potion of lignification {unknown}
 m - 2 potions of haste
 n - a potion of flight {unknown}
 o - a potion of cancellation {unknown}
 w - 3 potions of ambrosia


   Skills:
 - Level 1.1 Short Blades
 - Level 2.6 Dodging
 + Level 8.2 Stealth
 + Level 7.3 Spellcasting
 + Level 7.7 Hexes


You had 9 spell levels left.
You knew the following spells:

 Your Spells              Type           Power      Damage    Failure   Level
a - Ensorcelled Hibernat  Hex/Ice        34%        N/A       4%          2
b - Tukima's Dance        Hex            28%        N/A       1%          3
c - Dazzling Flash        Conj/Hex       34%        N/A       8%          3
d - Confusing Touch       Hex            28%        N/A       1%          3

Your spell library contained the following spells:

 Spells                   Type           Power      Damage    Failure   Level
 Slow                     Hex            100%       N/A       1%          1
 Portal Projectile        Hex/Tloc       34%        N/A       8%          3
 Freeze                   Ice            20%        1d4       13%         1
 Sandblast                Erth           10%        2d5       13%         1
 Passwall                 Tmut/Erth      4%         N/A       21%         2
 Leda's Liquefaction      Hex/Erth       8%         N/A       26%         4
 Call Canine Familiar     Summ           5%         N/A       36%         3
 Frozen Ramparts          Ice            10%        1d2       36%         3
 Hailstorm                Conj/Ice       5%         3d4       36%         3
 Stone Arrow              Conj/Erth      10%        3d7       36%         3
 Swiftness                Air            5%         N/A       36%         3
 Vampiric Draining        Necr           5%         2d6       36%         3


Dungeon Overview and Level Annotations

Branches:
Dungeon (5/15)
 Temple: D:4-7

Altars:
Makhleb

Shops:
D:2 *

Annotations:
D:4 3 runed translucent doors, Deveroux's ghost, amateur FoMo


Innate Abilities, Weirdness & Mutations

You are very small and have problems with some larger weapons.
You are too small for most types of armour.
You have supernaturally acute eyesight. (SInv)
You cover ground extremely quickly. (Speed+++)
You are agile. (Dex +4, Str/Int -1)
You are occasionally teleported next to monsters.


Message History

The gnoll closely misses you. The orc misses you. The gnoll misses you.
Unknown command.
Casting: Tukima's Dance (safe; 1% risk of failure)
Confirm with . or Enter, or press ? or * to list all spells.
Aiming: Tukima's Dance (safe; 1% risk of failure)
Press: ? - help, Shift-Dir - straight line, f/p - gnoll
Aim: a gnoll, wielding a +0 flail (severely wounded, ally target, chance to affect: 67%)
The +0 flail dances into the air!
Your +0 halberd falls from the air.
Your +0 dagger hits the orc.
The gnoll misses you. The orc hits you but does no damage. The gnoll hits you.
You hit the gnoll.
The gnoll is almost dead.
Your +0 dagger hits the orc.
The orc dies!
Unknown command.
Unknown command.
You hit the gnoll but do no damage.
The gnoll is almost dead.
The gnoll misses you. The gnoll hits you.
Your +0 dagger hits the gnoll.
The gnoll dies!
You hit the gnoll.
The gnoll is lightly wounded.
Your +0 dagger falls from the air.
The gnoll completely misses you.
You barely miss the gnoll.
The gnoll is lightly wounded.
The gnoll closely misses you.
Unknown command.
You hit the gnoll.
The gnoll is heavily wounded.
Your +0 flail falls from the air.
The gnoll hits you with a +1 flail of protection!
Unknown command.
You hit the gnoll.
The gnoll is severely wounded.
The gnoll hits you with a +1 flail of protection!
The ogre hits you with a +0 giant spiked club!!
Ouch! That really hurt!
You die...

,,* ###.,........................
*,**#.#.,#.......................
*,,*,...**#...##.................
**,,,,#.###....#.................
*,,.###..<....#$....#............
,................#####..........<
*#...........)#......#...........
,.........>...=g)................
*..............O@.##...#..##.....
*.............)†......###........
,.............##......# *...,...*
,.............##...#..#**,,,,*,,*
,,*.#..#.........###...#,,,,,*,,*
,,*,****,....,,..# *,...,,*,,,,,>
,,,,,****...,,,###**,,..,**,,,**,
,**,,,***,,,,,,,,,,,,,,,,,**,,,,,
**,,,,*,,,,,,,,,,,,,,,*,,,,***,,,


You could see an ogre and a gnoll.

Vanquished Creatures
  Pikel (D:4)
  2 scorpions
  A necrophage (D:4)
  A hound (D:4)
  2 iguanas
  Natasha (thrice) (D:2)
  An orc wizard (D:3)
  Robin (D:2)
  8 adders
  An ufetubus (D:4)
  A worm (D:4)
  5 dart slugs
  7 orcs
  9 ball pythons
  5 bats
  5 endoplasms
  A giant cockroach (D:2)
  8 goblins
  6 hobgoblins
  A quokka (D:2)
  2 kobolds (D:1)
  6 rats
77 creatures vanquished.

Vanquished Creatures (collateral kills)
  2 gnolls (D:5)
  An orc (D:5)
  A goblin (D:2)
  A hobgoblin (D:2)
5 creatures vanquished.

Grand Total: 82 creatures vanquished

Notes
Turn   | Place    | Note
-------+----------+-------------------------------------------
     0 | D:1      | Gennas the Spriggan Enchanter began the quest for the Orb.
     0 | D:1      | Reached XP level 1. HP: 9/9 MP: 5/5
   124 | D:1      | Reached XP level 2. HP: 13/13 MP: 7/7
   127 | D:1      | Learned a level 2 spell: Ensorcelled Hibernation
   669 | D:2      | Found Nidoevaz's Assorted Antiques.
   674 | D:2      | Reached XP level 3. HP: 16/16 MP: 9/9
   678 | D:2      | Learned a level 3 spell: Tukima's Dance
   682 | D:2      | Learned a level 3 spell: Confusing Touch
   709 | D:2      | Noticed Natasha
   716 | D:2      | Killed Natasha
   842 | D:2      | Noticed Robin
   851 | D:2      | Killed Robin
   852 | D:2      | Reached skill level 5 in Hexes
   852 | D:2      | Reached XP level 4. HP: 15/21 MP: 6/11
   990 | D:2      | Learned a level 3 spell: Dazzling Flash
  1025 | D:2      | Noticed Natasha
  1036 | D:2      | Killed Natasha
  1759 | D:3      | Reached XP level 5. HP: 23/24 MP: 5/13
  2042 | D:3      | Reached skill level 5 in Spellcasting
  2453 | D:4      | Noticed Pikel
  2537 | D:4      | Reached skill level 5 in Stealth
  2577 | D:4      | Noticed a lemure
  2579 | D:4      | Reached XP level 6. HP: 28/28 MP: 11/15
  2600 | D:4      | Killed Pikel
  2601 | D:4      | Reached skill level 7 in Stealth
  2601 | D:4      | Reached XP level 7. HP: 26/32 MP: 11/18
  2794 | D:4      | Found a runed translucent gate.
  2795 | D:4      | Found a runed translucent gate.
  2796 | D:4      | Found a runed translucent gate.
  2797 | D:4      | Noticed Deveroux's ghost (amateur FoMo)
  3247 | D:2      | Bought a grey potion for 18 gold pieces
  3247 | D:2      | Bought a scroll labelled DAHIUT SUTOUDD for 20 gold pieces
  3247 | D:2      | Bought a scroll labelled HURPHOU SARYBLEUZO for 20 gold
                  | pieces
  3247 | D:2      | Bought a scroll labelled SUCSUPPI CIME for 20 gold pieces
  3247 | D:2      | Bought 3 fuming dark potions for 54 gold pieces
  3247 | D:2      | Bought a scroll labelled HACACKOROBB for 20 gold pieces
  3250 | D:2      | Noticed Natasha
  3275 | D:2      | Killed Natasha
  3376 | D:5      | Entered Level 5 of the Dungeon
  3471 | D:5      | Gained mutation: You are occasionally teleported next to
                  | monsters. [potion of mutation]
  3471 | D:5      | Gained mutation: You are agile. (Dex +4, Str/Int -1)
                  | [potion of mutation]
  3475 | D:5      | Found a burning altar of Makhleb.
  3491 | D:5      | Reached skill level 8 in Stealth
  3602 | D:5      | Demolished by an ogre

Illustrated notes

Levels and vault maps discovered:
D:1:      lemuel_arrival_river_ford, layout_rooms, hangedman_feature_mirror
D:2:      layout_basic, serial_shops, nicolae_square_shop, uniq_robin,
          uniq_natasha
D:3:      layout_loops_ring, minmay_misc_feat_doors
D:4:      layout_cave_pools, biasface_ghost_orc_armoury,
          kennysheep_generic_room_4, uniq_pikel
D:5:      layout_cave_pools, mainiacjoe_overflow_tiny_flanked

Skill      XL: |  1  2  3  4  5  6  7 |
---------------+----------------------+-----
Spellcasting   | 3 4 5 6 7 |  7.3
Hexes          | 4 5 6 7 |  7.7
Stealth        | 5 7 8 |  8.2
Short Blades   | |  1.1
Dodging        | |  2.6

Action                   |  1- 3 |  4- 6 |  7- 9 || total
-------------------------+-------+-------+-------++-------
Melee: Dagger            |    62 |   103 |    36 ||   201
       Punch             |     1 |       |       ||     1
 Cast: Ensorcelled Hiber |     3 |    18 |    15 ||    36
       Confusing Touch   |       |     3 |     1 ||     4
       Tukima's Dance    |       |       |     5 ||     5
  Use: Scroll            |     4 |       |    13 ||    17
       Potion            |       |       |     2 ||     2
 Stab: Sleeping          |    14 |    14 |    13 ||    41
       Confused          |       |     4 |       ||     4
Armor: Robe              |     5 |     7 |     1 ||    13
Dodge: Dodged            |    41 |   101 |    29 ||   171

Table legend: (Time is in decaauts)
 A = Elapsed time spent in this place.
 B = Non-inter-level travel time spent in this place.
 C = Inter-level travel time spent in this place.
 D = Time resting spent in this place.
 E = Time spent auto-exploring this place.
 F = Levels seen in this place.
 G = Mean time per level.
                   A        B        C        D        E       F      G
               +--------+--------+--------+--------+--------+-----+--------+
         Total |   2554 |   2308 |    246 |     49 |   1604 |   5 |  510.8 |
       Dungeon |   2554 |   2308 |    246 |     49 |   1604 |   5 |  510.8 |
               +--------+--------+--------+--------+--------+-----+--------+

Top non-repeatable levels by time:
     D:2: 853 daAuts
     D:4: 635 daAuts
     D:3: 580 daAuts
     D:1: 318 daAuts
     D:5: 166 daAuts
